Cogmind - Beta 16.1 @@@ ROGUE MODE // 2026.03.11 @ 09:38:25 Player: MintyFresh56 Result: Destroyed by G-34 Mercenary with Small Laser Performance ------------- Evolutions (0) 0 Regions Visited (2) 400 Robots Destroyed (8) 40 Value Destroyed (254) 254 Prototype IDs (0) 0 Alien Tech Used (0) 0 Bonus (0) 0 TOTAL SCORE: 694 Bonus ------- None Cogmind --------- Core Integrity 0/250 Matter 290/300 Energy 99/100 System Corruption 6% Temperature Cool (6) Movement Walking (140) Location -10/Mines Parts ------- > --- POWER (1) -------- (None) > --- PROPULSION (2) --- Makeshift Leg > --- UTILITY (2) ------ Small Storage Unit > --- WEAPON (2) ------- (None) > --- INVENTORY (8) ---- Structural Scanner Terrain Scanner Core Shielding Peak State ------------ > --- POWER ------------ Ion Engine > --- PROPULSION ------- Light Treads Light Treads > --- UTILITY ---------- Small Storage Unit > --- WEAPON ----------- Medium Laser Medium Laser > --- INVENTORY -------- (None) [Rating: 6] Favorites ----------- Power Ion Engine Engine Ion Engine Propulsion Light Treads Treads Light Treads Leg Aluminum Leg Utility Small Storage Unit Device Heat Sink Storage Small Storage Unit Weapon Medium Laser Energy Gun Medium Laser Build | -11 -10 -10 ------- Run | Yrd Mat Min Slots Evolved . | . . . Power . | . . . Propulsion . | . . . Utility . | . . . Weapon . | . . . Parts Attached 10 | 6 3 1 Power 2 | 1 1 . Engine 2 | 1 1 . Core . | . . . Reactor . | . . . Propulsion 4 | 2 1 1 Treads 2 | 2 . . Leg 2 | . 1 1 Wheel . | . . . Hover . | . . . Flight . | . . . Utility 2 | 1 1 . Device 1 | . 1 . Storage 1 | 1 . . Processor . | . . . Hackware . | . . . Protection . | . . . Artifact . | . . . Weapon 2 | 2 . . Energy Gun 2 | 2 . . Energy Cannon . | . . . Ballistic Gun . | . . . Ballistic Cannon . | . . . Launcher . | . . . Special Weapon . | . . . Impact Weapon . | . . . Slashing Weapon . | . . . Piercing Weapon . | . . . Special Melee Weapon . | . . . Unidentified Prototypes . | . . . Parts Lost 6 | . 1 5 Power 1 | . . 1 Propulsion 2 | . . 2 Utility 1 | . . 1 Weapon 2 | . 1 1 Highest Loss Streak 4 | . 1 4 To Critical Strikes . | . . . Average Backups 1 | . 1 3 Power . | . . . Propulsion . | . . . Utility 1 | . 1 3 Weapon . | . . . Tool/Special . | . . . Unused Backups 3 | . . 3 Power . | . . . Propulsion . | . . . Utility 3 | . . 3 Weapon . | . . . Tool/Special . | . . . Average Slot Usage (%) 76 | . 84 52 Engine 13 | . 14 13 Treads 21 | . 26 5 Leg 4 | . 1 12 Device 2 | . 2 2 Storage 14 | . 14 14 Energy Gun 20 | . 25 4 Peak Build Rating 6 | 6 6 6 Average Rating 5 | 3 5 5 On Entrance 4 | . 6 6 Avg Prop Armor Cover (%) 14 | . 13 14 Naked Turns . | . . . Heaviest Build 14 | 14 14 13 Greatest Support 40 | 40 40 20 Greatest Overweight (x) 3 | . 1 3 Average Overweight (x) . | . . . Largest Inventory Capacity 8 | 8 8 8 Average Capacity 7 | 6 8 8 Most Carried 5 | 5 4 4 Average Carried 1 | . 1 3 Final Capacity 8 | 8 8 8 Final Carried 3 | . 3 3 Class Distribution -------------------- 100% | Mutant Dominant Class ---------------- Mutant | -10/Materials Mutant | -10/Mines Resources | -11 -10 -10 ----------- Run | Yrd Mat Min Matter Collected 281 | 218 52 11 Remotely . | . . . Salvage Created 317 | . 317 . Parts 11 | . 11 . Haulers Intercepted . | . . . Recyclers Shooed . | . . . Parts Field Recycled . | . . . Retrieved Matter . | . . . Parts Self-Destructed . | . . . Prevented . | . . . Parts Restored . | . . . Kills | -11 -10 -10 ------- Run | Yrd Mat Min Combat Hostiles Destroyed 7 | . 7 . Guns 6 | . 6 . Classes Destroyed 2 | . 2 . Watcher 1 | . 1 . Grunt 7 | . 7 . Best Kill Streak 3 | . 3 . Combat Bots Only 2 | . 2 . Max Kills in Single Turn 1 | . 1 . Gunslinging . | . . . Exploded . | . . . Melee . | . . . Uniques/NPCs Destroyed . | . . . Combat | -11 -10 -10 -------- Run | Yrd Mat Min Hostile Shots Fired 86 | . 49 37 Missed 27 | . 15 12 Hits 59 | . 34 25 Melee 9 | . . 9 Projectile 50 | . 34 16 Critical Strikes 1 | . . 1 Damage Taken 822 | . 369 453 Core 259 | . 86 173 Absorbed by Shields . | . . . Core Remaining (%) 100 | 100 . . Volleys Fired 30 | . 30 . Largest 2 | . 2 . Hottest 100 | . 100 . Shots Fired 58 | . 58 . Gun 58 | . 58 . Cannon . | . . . Launcher . | . . . Special . | . . . Kinetic . | . . . Thermal 58 | . 58 . Explosive . | . . . Electromagnetic . | . . . Robot Hit Streak 6 | . 6 . Robot Miss Streak 4 | . 4 . Penetration Max . | . . . Secondary Targets 1 | . 1 . Max Gunslinging Chain 1 | . 1 . Shots Hit Robots 33 | . 33 . Core Hits 15 | . 13 2 Critical Kills . | . . . Critical Parts Destroyed . | . . . Critical Strikes 2 | . 2 . Burn 2 | . 2 . Melee Attacks . | . . . Impact . | . . . Slashing . | . . . Piercing . | . . . Sneak Attacks . | . . . Combat Hostiles . | . . . Follow-up Attacks . | . . . Damage Inflicted 464 | . 452 12 Guns 452 | . 452 . Cannons . | . . . Explosions . | . . . Melee . | . . . Ramming 12 | . . 12 Kinetic . | . . . Thermal 452 | . 452 . Explosive . | . . . Electromagnetic . | . . . Impact . | . . . Slashing . | . . . Piercing . | . . . Highest Corruption 6 | . . 6 Average Corruption 4 | . . 4 Corruption Purged . | . . . Corruption Blocked . | . . . Effects 2 | . . 2 Matter Fused 2 | . . 2 Overload Shots . | . . . Overflow Damage . | . . . Projectiles . | . . . Explosions . | . . . Melee . | . . . Knockbacks . | . . . Impact . | . . . Kinetic . | . . . Secondary . | . . . Self-Inflicted Damage . | . . . Shots . | . . . Rammed . | . . . Targets Rammed 7 | . . 7 Kicked 7 | . . 7 Crushed . | . . . Highest Temperature 421 | . 421 7 Average Temperature 164 | . 165 7 Received Heat Transfer 350 | . 204 146 Effects 7 | . 7 . Energy Bleed 2 | . 2 . Interference 2 | . 2 . Short Circuit 1 | . 1 . Damage (minor) 2 | . 2 . Siege Activations . | . . . Martial Activations . | . . . Shielding Activations . | . . . Robots Disrupted . | . . . Combat Hostiles . | . . . Robots Corrupted . | . . . Combat Hostiles . | . . . Parts Fried . | . . . Impact Corruptions . | . . . Robots Melted 1 | . 1 . Combat Hostiles 1 | . 1 . Parts Melted 5 | . 5 . Heat Transferred 1480 | . 1480 . Parts Sabotaged . | . . . Parts Stolen . | . . . Parts Stripped . | . . . Power Chain Reactions . | . . . Alert | -11 -10 -10 ------- Run | Yrd Mat Min Maximum Alert Level . | . . . Low Security (%) 100 | 100 100 100 Level 1 . | . . . Level 2 . | . . . Level 3 . | . . . Level 4 . | . . . Level 5 . | . . . High Security . | . . . Max Security . | . . . Peak Influence 57 | . 57 30 Initial 4 | . . 4 Average 13 | . 19 4 Influence Increases 197 | . 167 30 Destroy 0b10 Robot/C 140 | . 140 . Destroy 0b10 Robot/NC 5 | . 5 . Destroy Leader 22 | . 22 . Lose Combat Pursuer 30 | . . 30 Influence Decreases 187 | . 155 32 Entered New Map 8 | . . 8 Time Decay 159 | . 145 14 Lost Part 20 | . 10 10 Squads Dispatched 2 | . 2 . Investigation 1 | . 1 . Extermination . | . . . Reinforcement 1 | . 1 . Assault . | . . . Garrison . | . . . Intercept . | . . . Searches Triggered . | . . . Construction Impeded . | . . . Haulers Reinforced . | . . . Active Scanning Responses . | . . . Cargo Convoy Interrupts . | . . . Stealth | -11 -10 -10 --------- Run | Yrd Mat Min Distress Signals . | . . . Communications Jammed . | . . . Distress Signals . | . . . Times Spotted 24 | . 9 15 Peak Tracking Total 7 | . 4 7 Tactical Retreats 2 | . . 2 Traps | -11 -10 -10 ------- Run | Yrd Mat Min Traps Triggered 1 | . 1 . Indirectly . | . . . Trap Hack Attempts . | . . . Triggered . | . . . Disarmed . | . . . Reprogrammed . | . . . Reused . | . . . Traps Extracted . | . . . Installed . | . . . Triggered . | . . . Machines | -11 -10 -10 ---------- Run | Yrd Mat Min Machines Disabled . | . . . Max in Single Turn . | . . . Machines Repaired . | . . . Machines Dismantled . | . . . Machines Sabotaged . | . . . Overloaded Fab Kills . | . . . Hacking | -11 -10 -10 --------- Run | Yrd Mat Min Machines Accessed . | . . . Terminals . | . . . Fabricators . | . . . Repair Stations . | . . . Recycling Units . | . . . Scanalyzers . | . . . Garrison Access . | . . . Total Hacks . | . . . Successful . | . . . Failed . | . . . Catastrophic . | . . . Database Lockouts . | . . . Manual . | . . . Terminals . | . . . Fabricators . | . . . Repair Stations . | . . . Recycling Units . | . . . Scanalyzers . | . . . Garrison Access . | . . . Terminal Hacks . | . . . Fabricator Hacks . | . . . Repair Station Hacks . | . . . Recycling Unit Hacks . | . . . Scanalyzer . | . . . Garrison Access Hacks . | . . . Unauthorized Hacks . | . . . Terminals . | . . . Fabricators . | . . . Repair Stations . | . . . Recycling Units . | . . . Scanalyzers . | . . . Garrison Access . | . . . Data Cores Recovered . | . . . Used . | . . . Hacking Detections . | . . . Full Trace Events . | . . . Feedback Events . | . . . Feedback Blocked . | . . . Robot Schematics Acquired . | . . . Robots Built . | . . . Authchips . | . . . Time . | . . . Total Robot Build Rating . | . . . Part Schematics Acquired . | . . . Parts Built . | . . . Authchips . | . . . Time . | . . . Total Part Build Rating . | . . . Part Studies Acquired . | . . . Parts Repaired . | . . . Time . | . . . Parts Recycled . | . . . Recycled Matter . | . . . Retrieved Matter . | . . . Retrieved Components . | . . . Parts Scanalyzed . | . . . Part Schematics Acquired . | . . . Parts Damaged . | . . . Bothacking | -11 -10 -10 ------------ Run | Yrd Mat Min Used RIF Installer . | . . . Robots Hacked . | . . . Non-combat . | . . . Combat . | . . . Robot Hacks Applied . | . . . Relay Couplers Released . | . . . Fabnet Peak Effective % . | . . . Robots Rewired . | . . . Allies Hacked . | . . . Hacks Repelled . | . . . Allies | -11 -10 -10 -------- Run | Yrd Mat Min Total Allies 2 | . . 2 Largest Group 2 | . . 2 Highest-Rated Group 45 | . . 45 Highest-Rated Ally 31 | . . 31 Total Orders . | . . . Ally Attacks 11 | . . 11 Total Damage 104 | . . 104 Kills 3 | . . 3 Allies Corrupted . | . . . Allies Melted . | . . . Intel | -11 -10 -10 ------- Run | Yrd Mat Min Active Infowar (turns) . | . . . Robot Analysis Total . | . . . Derelict Logs Recovered . | . . . Drone Launches . | . . . Drone Recoveries . | . . . Exploration | -11 -10 -10 ------------- Run | Yrd Mat Min Turns Passed 620 | 74 406 140 Spaces Moved 330 | 64 185 81 Core 44 | 36 . 8 Treads 193 | 28 165 . Legs 93 | . 20 73 Wheels . | . . . Hover . | . . . Flight . | . . . Fastest Speed 50 | 50 160 120 Average Speed 149 | 98 163 159 Slowest Speed 200 | 160 190 200 Overloaded Moves . | . . . Propulsion Burnouts . | . . . Robots Hopped . | . . . Potential Cave-ins . | . . . Cave-ins Triggered . | . . . Exploration Rate (%) 18 | 4 36 16 Regions Visited 2 Branch Regions 1 Pre-discovered Areas . | . . . Known Exits Taken . | . . . Unknown Exits Taken 2 | 1 1 . Scrap Searched . | . . . Spaces Dug . | . . . Terrain Destroyed . | . . . Melee . | . . . Projectile . | . . . AOE . | . . . Terrain Rammed . | . . . Walls Destroyed . | . . . Machines Disabled . | . . . Actions | -11 -10 -10 --------- Run | Yrd Mat Min Total 396 | 75 231 90 Wait 6 | . 6 . Move 328 | 63 184 81 Hop . | . . . Pick Up 13 | 6 6 1 Fast Attach . | . . . Attach 8 | 6 1 1 Detach . | . . . Swap 2 | . 2 . Drop 2 | . 2 . Fire 30 | . 30 . Melee . | . . . Ram . | . . . Kick 7 | . . 7 Crush . | . . . Escape Stasis . | . . . Rewire . | . . . Trap . | . . . Miscellaneous . | . . . Route ------- -11/Scrapyard -10/Materials -10/Mines History --------- Turn | Location | Event 8 | -11/Scrapyard | Discovered new exit (range 16) 75 | -11/Scrapyard | Entered Materials 304 | -10/Materials | Build established: Mutant 305 | -10/Materials | Discovered new exit (range 15) 481 | -10/Materials | Entered Mines 482 | -10/Mines | Assembled infested the area 550 | -10/Mines | Core integrity fell below 50% 566 | -10/Mines | Lost 4 parts (2n1u1w) 612 | -10/Mines | Core integrity fell below 20% 621 | -10/Mines | Destroyed by G-34 Mercenary with Small Laser Last Messages --------------- Kicked as-97939. Lgt. Treads destroyed. System corrupted by crushing effect (+5). Kicked as-97939. Kicked as-97939 out of the way. as-97939 destroyed. Aluminum Leg destroyed. Critical hit (Burn: +37). as-06230 destroyed. Acquired Mak. Leg. System corrupted: Matter fused (-7). as-57837 destroyed. Acquired 11 matter. G-47 Trooper shuts down. as-99124 destroyed. K-01 Serf collects debris. System corrupted: Matter fused (-9). K-01 Serf collects debris. Ion Engine destroyed. K-01 Serf collects debris. Map ----- +----------------------------------------------------+ | ?????????????????????????????????????????????????? | | ?????????????????????????????????????????????????? | | ?????????????????????????????????????????????????? | | ?????????????????????????????????????????????????? | | ?????????????????????????????????????????????????? | | ?????????????????????????????????????????????????? | | ?????????????????????????????????????????????????? | | ?????????????????????????????????????????????????? | | ?????????????????????????????????????????????????? | | ?????????????????????????????????????????????????? | | ?????????????????????????????????????????????????? | | ?????????????????????????????????????????????????? | | ??????????????????????????????????##?# ??????? ??? | | ?????????????????????????????????# ### ??????? "?? | | ???????????????????????????????## ## ??????? "?? | | ??????????????????????????????## ## ""????? "?? | | ?????????????????????????????## #?# ??? ?? | | ????????????????????????????## #??# ""???"" ""? | | ???????????????????????????## ##??? ""???"" """ | | ???????????????????????????# #???? ""???"" """ | | ??????????????????????????## g ##### % ??? ? | | ?????????????????????????## g ## #??## ##? | | ????????????????????????## g #### ## #?## ## | | ???????????????????????## ##??# ## ### # | | ???????????????????????# ###???# ## ## # | | ???????????????????????# @ ##?????# ##%%$ #? | | ???????????????????????# ##??????# ###%## ##? | | ??????????????????????# ######### #?# ## ### | | ?????????????????????# k % #?# %% % | | ?????????????????????# ######### #?#### ### | | ????????????????????# ##???????# #????## ##?? | | ??????????????????? ##????????# #?????# ##??? | | ??????????????????#### #??????????# ####### #???? | | ?????????????????????###???????????# #???? | | ???????????????????????????????????#########%#???? | | ???????????????????????????????????????????# #???? | | ???????????????????????????????????????????# ???? | | ??????????????????????????????????????????? ??? | | ??????????????????????????????????????????? ?? | | ??????????????????????????????????????????? ?? | | ??????????????????????????????????????????? ###? | | ??????????????????????????????????????????? ##??? | | ??????????????????????????????????????????? ????? | | ??????????????????????????????????????????# #????? | | ??????????????????????????????????????????##?????? | | ?????????????????????????????????????????????????? | | ?????????????????????????????????????????????????? | | ?????????????????????????????????????????????????? | | ?????????????????????????????????????????????????? | | ?????????????????????????????????????????????????? | +----------------------------------------------------+ Best States ------------- Heat Dissipation 25 Energy Generation 10 Energy Capacity 250 Matter Stores 300 Matter Capacity 300 Sight Range 16 Terrain Scan Density 10 Evasion (%) 55 Recoil Reduction 2 Item Schematics ----------------- None Robot Schematics ------------------ None Fabricated ------------ Nothing Repaired ---------- Nothing Studied --------- None Alien Tech Used ----------------- None Achievements -------------- For Emergencies Only It's Just You Challenges ------------ None Game ------ Seed ThunderPlexusSightfinder Manual? 0 Play Time 00:07:04 Cumulative 1.0 hours Start 2026.03.11 @ 09:32:34 End 2026.03.11 @ 09:38:25 Sessions 1 Manual Loads 0 Difficulty Rogue Special Mode None Game No. 7 Rogue 7 Adventurer 0 Explorer 0 Win Type - Total 0 Types 0/0/0/0/0/0/0/0/0/0 Lore% 1 Gallery% 5 Achievement% 5 Wizard Run 0 Options --------- Layout 1 ASCII 0 Keyboard 0 Movement Arrows Keybinds 0 Fullscreen 1 Font 24/Smallcaps Map View 50x35 Zoom Use 0% Tactical HUD 0 Map Filters NONE Filters NONE Steam 1 RUN: 94d0f37e-4a67-49d4-8a4e-07207a92afaf